[Event "*** Titled Tuesday Blitz"]
[Site "Chess.com"]
[Date "2020.11.03"]
[Round "4"]
[White "lider34"]
[Black "Pertinhez76"]
[Result "1-0"]
[WhiteElo "2394"]
[BlackElo "2144"]
[TimeControl "180+1"]
[EndTime "10:39:46 PST"]
[Termination "lider34 won by checkmate"]

1. e4 e6 2. Nc3 d5 3. Nf3 c5 4.
exd5 exd5 5. Bb5+ Nc6 6. d4 Nf6 7. O-O c4 8. Re1+ Be7 9. Ne5 Bd7 10. Bg5 O-O 11. Bxf6 gxf6 12. Nxd7 Qxd7 13. Qh5 a6 14. Re3 Bd6 15. Nxd5 Kg7 16. Rh3 Rh8 17. Qh6+ Kg8 18.
Nxf6# 1-0

[Event "*** Titled Tuesday Blitz"]
[Site "Chess.com"]
[Date "2020.11.03"]
[Round "4"]
[White "Deepweb2020"]
[Black "canary2016"]
[Result "1-0"]
[WhiteElo "2244"]
[BlackElo "1943"]
[TimeControl "180+1"]
[EndTime "10:39:46 PST"]
[Termination "Deepweb2020 won by checkmate"]

1. d4 d5 2. c4 c6 3. cxd5 cxd5 4. Nc3 Nf6 5. Bf4 Nc6 6. e3 Bf5 7.
Bd3 Bxd3 8. Qxd3 e6 9. Nf3 Bd6 10. Bxd6 Qxd6 11. O-O O-O 12. a3 Rac8 13. Nd2 Na5 14.
b4 Nc4 15. Rfc1 Rc7 16. Nb5 Qd7 17. Nxc7 Qxc7 18. Nxc4 dxc4 19. Qxc4 Qd6 20. Qc5 Qa6 21.
a4 b6 22. Qc4 Qb7 23. Qc6 Qa6 24.
b5 Qa5 25. Qc3 Qxc3 26. Rxc3 Nd5 27. Rc6 g6 28. Rac1 Kg7 29. Rc8 Rxc8 30. Rxc8 Nb4 31.
Rc7 a6 32. a5 Nd5 33. axb6 Nxb6 34. bxa6 Kf6 35. a7 e5 36. Rc8 exd4 37. exd4 Ke6 38. Rb8 Nc4 39. a8=Q h5 40. Qe4+ Kf6 41. Rb4 Nd6 42. Qe5# 1-0

[Event "*** Titled Tuesday Blitz"]
[Site "Chess.com"]
[Date "2020.11.03"]
[Round "4"]
[White "maximnovik"]
[Black "chito89"]
[Result "0-1"]
[WhiteElo "2527"]
[BlackElo "2784"]
[TimeControl "180+1"]
[EndTime "10:39:52 PST"]
[Termination "chito89 won by resignation"]

1. d4 Nf6 2. c4 e6 3. Nc3 Bb4 4. e3 O-O 5. Bd3 b6 6. Ne2 d5 7.
cxd5 exd5 8. O-O Ba6 9. Bxa6 Nxa6 10. Qd3 Qc8 11. f3 c5 12. Ng3 Re8 13. Bd2 cxd4 14.
exd4 Qc4 15. Qxc4 dxc4 16. Nge4 Nxe4 17. fxe4 Bxc3 18. bxc3 Rxe4 19. Rfe1 Rae8 20. Rxe4 Rxe4 21. Kf2 Nc7 22. a4 f6 23. Rb1 Kf7 24. a5 b5 25.
Kf3 f5 26. Bf4 Nd5 27. Bd2 a6 28. h3 h5 29. Rg1 Ke6 30. g4 hxg4+ 31. hxg4 Rxg4 32.
Rxg4 fxg4+ 33. Kxg4 Nf6+ 34. Kf4 Kd5 35. Kf5 Ne4 36. Be1 b4 37. cxb4 c3 38. b5 c2 0-1

[Event "*** Titled Tuesday Blitz"]
[Site "Chess.com"]
[Date "2020.11.03"]
[Round "4"]
[White "Alomaterapia"]
[Black "Vi_Los"]
[Result "1-0"]
[WhiteElo "2501"]
[BlackElo "2324"]
[TimeControl "180+1"]
[EndTime "10:39:52 PST"]
[Termination "Alomaterapia won by resignation"]

1. e4 e5 2. Nf3 Nc6 3. Bc4 Bc5 4. O-O d6 5. c3 a5 6. d4 Bb6 7. dxe5 dxe5 8. Qxd8+ Nxd8 9. Nxe5 Nf6 10. Bg5 Nd7 11. Nxd7 Bxd7 12. Nd2 Ne6 13. Bh4 O-O 14. Bg3 Bc6 15. Bd5 Bxd5 16. exd5 Nc5 17. Nc4 Nd7 18. Rfe1 Rfe8 19. a4 Kf8 20. Kf1 Rxe1+ 21. Rxe1 Rc8 22. d6 cxd6 23. Bxd6+ Kg8 24. Re7 1-0

[Event "*** Titled Tuesday Blitz"]
[Site "Chess.com"]
[Date "2020.11.03"]
[Round "4"]
[White "LiemLe"]
[Black "Evgeny81"]
[Result "1/2-1/2"]
[WhiteElo "2999"]
[BlackElo "2720"]
[TimeControl "180+1"]
[EndTime "10:39:57 PST"]
[Termination "Game drawn by agreement"]

1. e4 e5 2. Nf3 Nc6 3. Bb5 a6 4. Ba4 Nf6 5. O-O Be7 6. Re1 b5 7. Bb3 d6 8. c3 O-O 9. h3 Nb8 10. d4 Nbd7 11. c4 c6 12. Qc2 Bb7 13. Nc3 b4 14.
Ne2 exd4 15. Nexd4 g6 16. Bh6 Re8 17. Ng5 Nc5 18.
Rad1 Nfd7 19. Qd2 Qc7 20. Ndf3 Ne5 21. Nxe5 dxe5 22. Nf3 Rad8 23. Qe2 a5 24. Bc2 f6 25. Be3 Rxd1 26. Rxd1 Rd8 27. Rxd8+ Qxd8 28. Qd2 Qxd2 29. Nxd2 Bc8 30. Nb3 Nxb3 31. axb3 c5 32. g4 g5 1/2-1/2

[Event "*** Titled Tuesday Blitz"]
[Site "Chess.com"]
[Date "2020.11.03"]
[Round "4"]
[White "Sanan_Sjugirov"]
[Black "Heineccius"]
[Result "1-0"]
[WhiteElo "2841"]
[BlackElo "2538"]
[TimeControl "180+1"]
[EndTime "10:39:57 PST"]
[Termination "Sanan_Sjugirov won by resignation"]

1. d4 Nf6 2. c4 e6 3. Nf3 Bb4+ 4. Nbd2 d5 5. e3 O-O 6. Be2 b6 7. O-O Bb7 8. a3 Be7 9. b4 c6 10. Bb2 Nbd7 11. c5 a5 12. Bc3 Ba6 13. Bxa6 Rxa6 14.
Qe2 Qa8 15. cxb6 Nxb6 16. bxa5 Na4 17. Bb4 c5 18. dxc5 Bxc5 19. Rfc1 Nd7 20. Qb5 Bxb4 21. axb4 Nab6 22. Rc7 Rb8 23. Rac1 Nc4 24. Qxd7 1-0

[Event "*** Titled Tuesday Blitz"]
[Site "Chess.com"]
[Date "2020.11.03"]
[Round "4"]
[White "GMartin_Petrov"]
[Black "MPGM"]
[Result "1-0"]
[WhiteElo "2616"]
[BlackElo "2448"]
[TimeControl "180+1"]
[EndTime "10:39:58 PST"]
[Termination "GMartin_Petrov won by resignation"]

1. d4 d5 2. Nf3 e6 3. e3 Nf6 4.
Bd3 c5 5. b3 Be7 6. O-O O-O 7.
Bb2 b6 8. Nbd2 Bb7 9. Ne5 Nc6 10. Qe2 Nb4 11. dxc5 Nxd3 12. cxd3 bxc5 13. e4 Nd7 14.
Nxd7 Qxd7 15. Qg4 f6 16. Rfe1 Rad8 17. Rad1 e5 18. Qe2 a5 19. a4 c4 20. bxc4 d4 21.
Nb3 Qxa4 22. Qc2 Bc6 23. Ra1 Qb4 24. Ba3 Qb7 25. Nxa5 1-0

[Event "*** Titled Tuesday Blitz"]
[Site "Chess.com"]
[Date "2020.11.03"]
[Round "4"]
[White "AsaHoffmann"]
[Black "MokshanovAlexey"]
[Result "0-1"]
[WhiteElo "2308"]
[BlackElo "2587"]
[TimeControl "180+1"]
[EndTime "10:40:04 PST"]
[Termination "MokshanovAlexey won by resignation"]

1. d4 d5 2. Bg5 h6 3. Bh4 c5 4. e3 Qb6 5. b3 Nc6 6. c3 g5 7. Bg3 Bg7 8. Bd3 cxd4 9. exd4 Nxd4 10. cxd4 Qxd4 11. Ne2 Qxa1 12. Bb5+ Kf8 13. O-O Be6 14. a4 a6 15. Bd3 Nf6 16. Qd2 Ne4 17.
Bxe4 dxe4 18. Qb4 Qb2 19. Qxb7 Re8 20. Qxa6 Qxb3 21. a5 Bc4 22. Nd2 Bxa6 23. Nxb3 Bxe2 24. Re1 Bd3 25. Nc5 f5 26. Bc7 Kf7 27. a6 Rc8 28.
Bb6 Rxc5 29. Bxc5 Bxa6 30. f3 Rc8 0-1

[Event "*** Titled Tuesday Blitz"]
[Site "Chess.com"]
[Date "2020.11.03"]
[Round "4"]
[White "joppie2"]
[Black "suyu28"]
[Result "1-0"]
[WhiteElo "2868"]
[BlackElo "2642"]
[TimeControl "180+1"]
[EndTime "10:40:06 PST"]
[Termination "joppie2 won by resignation"]

1. e4 c6 2. Nc3 d5 3. Nf3 g6 4. h3 Bg7 5. d4 dxe4 6. Nxe4 Nf6 7. Nxf6+ exf6 8. Bc4 O-O 9. O-O a5 10. c3 Na6 11. Re1 Nc7 12. Bf4 Nd5 13. Bg3 Be6 14.
a4 Nxc3 15. Qb3 Bxc4 16. Qxc4 Nd5 17. Nd2 f5 18. Be5 Re8 19. Nb3 Nb4 20. Bxg7 Rxe1+ 21. Rxe1 Kxg7 22. Re5 b6 23. Nd2 Qd7 24. Nf3 Re8 25. Qe2 Rxe5 26. Qxe5+ f6 27. Qb8 Nd5 28. b3 g5 29. Nd2 Qe7 30. Nf1 Qc7 31. Qe8 Qd6 32. Ng3 Ne7 33. Nh5+ Kh6 34. Qf7 Qxd4 35. Qg7+ 1-0

[Event "*** Titled Tuesday Blitz"]
[Site "Chess.com"]
[Date "2020.11.03"]
[Round "4"]
[White "UB_TheQueen"]
[Black "SophieNikoladze"]
[Result "0-1"]
[WhiteElo "2073"]
[BlackElo "2281"]
[TimeControl "180+1"]
[EndTime "10:40:08 PST"]
[Termination "SophieNikoladze won by resignation"]

1. e4 d6 2. d4 Nf6 3. Nc3 Nbd7 4. f4 e5 5. Nf3 exd4 6. Nxd4 g6 7. Be2 Bg7 8. O-O a6 9. a4 O-O 10. h3 Re8 11. Bf3 Nc5 12. Qe2 Ncxe4 13. Nxe4 Nxe4 14. Qd3 f5 15. c4 Kh8 16. Be3 Bd7 17. Kh2 Nc5 18. Qd2 Qf6 19. b4 Ne4 20. Qd3 a5 21. b5 Nc5 22. Qc2 Rxe3 23. Bxb7 Nxb7 24. Nf3 Nc5 25.
Ng5 h6 26. Nf3 Rae8 27. Qd2 Re2 28. Qd5 Be6 29. Qc6 Bxc4 30. Qxc7 Rc2 31. Rfd1 Ree2 32. Ne1 Qb2 33. Nxc2 Qxc2 34. Qc6 d5 35. Rac1 Rxg2+ 0-1

[Event "*** Titled Tuesday Blitz"]
[Site "Chess.com"]
[Date "2020.11.03"]
[Round "4"]
[White "juancruzarias"]
[Black "PauloCesarCosta_sad"]
[Result "1-0"]
[WhiteElo "2555"]
[BlackElo "2330"]
[TimeControl "180+1"]
[EndTime "10:40:10 PST"]
[Termination "juancruzarias won on time"]

1. d4 d5 2. Nf3 e6 3. e3 Nf6 4.
Bd3 Be7 5. O-O O-O 6. Nbd2 b6 7. Ne5 Ba6 8. c4 Nfd7 9. f4 f6 10. Qh5 f5 11. cxd5 Bxd3 12. Nxd3 exd5 13. Nf3 Nc6 14. Bd2 Qe8 15. Qxe8 Raxe8 16. Rac1 Ndb8 17. Rc2 Bd6 18. Rfc1 Nd8 19. Nfe5 Re7 20. Nb4 Bxe5 21. fxe5 c6 22. Nd3 Ne6 23. Bb4 c5 24. dxc5 Rb7 25. c6 Rc7 26. Bxf8 Kxf8 27. Nb4 a5 28. Nxd5 Rc8 29. c7 Na6 30. Nxb6 1-0

[Event "*** Titled Tuesday Blitz"]
[Site "Chess.com"]
[Date "2020.11.03"]
[Round "4"]
[White "sboshaon21"]
[Black "tk22h"]
[Result "0-1"]
[WhiteElo "2034"]
[BlackElo "2379"]
[TimeControl "180+1"]
[EndTime "10:40:10 PST"]
[Termination "tk22h won by checkmate"]

1. d4 Nf6 2. c3 d5 3. g3 g6 4. Bg2 Bg7 5. Nf3 O-O 6. O-O b6 7. h3 Bb7 8. Be3 Nbd7 9. Qc1 Re8 10. Bh6 e5 11. Bxg7 Kxg7 12. dxe5 Nxe5 13. Re1 Qd6 14.
Nbd2 Nxf3+ 15. Nxf3 c5 16. Qc2 Rad8 17. Rad1 h6 18.
e3 Qe6 19. Kh2 Ne4 20. Re2 Qf6 21. Nd2 Nd6 22. c4 d4 23. Bxb7 Nxb7 24. Nf1 Na5 25. exd4 Rxe2 26. Qxe2 Rxd4 27. Ne3 Nc6 28. Rd2 Rxd2 29.
Qxd2 Nd4 30. Kg2 Qc6+ 31. Kf1 Qh1# 0-1

[Event "*** Titled Tuesday Blitz"]
[Site "Chess.com"]
[Date "2020.11.03"]
[Round "4"]
[White "picturesquecheck"]
[Black "ChelsieMonica"]
[Result "0-1"]
[WhiteElo "2119"]
[BlackElo "2317"]
[TimeControl "180+1"]
[EndTime "10:40:11 PST"]
[Termination "ChelsieMonica won by resignation"]

1. e4 d5 2. exd5 Qxd5 3. Nc3 Qd8 4. d4 Nf6 5. Nf3 e6 6. Bc4 Be7 7. O-O O-O 8. Re1 a6 9. Bb3 b6 10. d5 exd5 11. Nxd5 Nxd5 12. Bxd5 Ra7 13. Bf4 Bd6 14. Bg5 Qd7 15. Qd2 Bb7 16. Rad1 Bxd5 17. Qxd5 Qc6 18. c4 Qxd5 19. Rxd5 Nc6 20. a3 h6 21. Bh4 Raa8 22. Bg3 Bxg3 23. hxg3 Rad8 24. Red1 Rxd5 25. Rxd5 Rd8 26. Rxd8+ Nxd8 27. Nd4 Kf8 28. Kf1 g6 29. Ke2 Ke7 30. Kd3 Kd6 31. b4 c5 32. Nb3 Ne6 33. f4 f5 34. Nd2 b5 35. Nf3 cxb4 36. axb4 g5 37. fxg5 hxg5 38. c5+ Kd5 39. Nd2 a5 40. bxa5 Nxc5+ 41. Kc3 Ne4+ 42. Nxe4 fxe4 43. a6 Kc6 44. Kd4 Kb6 45. Kxe4 Kxa6 46. Kf5 b4 47. Kxg5 b3 48.
Kh6 b2 49. g4 b1=Q 50. g5 Qc1 51. Kh5 Qh1+ 52. Kg4 Qxg2+ 0-1

[Event "*** Titled Tuesday Blitz"]
[Site "Chess.com"]
[Date "2020.11.03"]
[Round "4"]
[White "Lysiak_Poltorak"]
[Black "abykhovsky"]
[Result "1-0"]
[WhiteElo "2370"]
[BlackElo "2708"]
[TimeControl "180+1"]
[EndTime "10:40:12 PST"]
[Termination "Lysiak_Poltorak won by resignation"]

1. d4 d5 2. c4 c6 3. Nc3 Nf6 4.
cxd5 cxd5 5. Bg5 Nc6 6. Bxf6 gxf6 7. e3 e6 8. Bd3 f5 9. Nge2 Bd6 10. Rc1 a6 11. a3 Bd7 12. Na4 b6 13. b4 a5 14. b5 Ne7 15. Qb3 Ng6 16. O-O Rb8 17.
Nc5 bxc5 18. dxc5 Bc7 19. b6 Bxb6 20. cxb6 Qxb6 21. Qc3 O-O 22. Nf4 Rfc8 23. Qf6 Rxc1 24. Rxc1 Qb2 25. Qxb2 Rxb2 26. Nh5 Kf8 27. Nf6 Ke7 28.
Nxh7 Ne5 29. Bf1 Ng4 30. Rc7 Kd6 31. Ra7 Rb1 32. Rxa5 f4 33. exf4 d4 34. Nf6 Bc6 35.
Nxg4 d3 36. Ne5 Be4 37. f3 1-0

[Event "*** Titled Tuesday Blitz"]
[Site "Chess.com"]
[Date "2020.11.03"]
[Round "4"]
[White "Aygehovit1992"]
[Black "Ajedrez_con_German"]
[Result "1-0"]
[WhiteElo "2627"]
[BlackElo "2467"]
[TimeControl "180+1"]
[EndTime "10:40:13 PST"]
[Termination "Aygehovit1992 won by resignation"]

1. d4 e6 2. Nf3 Nf6 3. c4 b6 4. a3 Bb7 5. Nc3 d5 6. Bg5 Be7 7. e3 O-O 8. Qc2 Nbd7 9. Rd1 c6 10. h4 Rc8 11. Ne5 c5 12. cxd5 Nxd5 13. Bd3 cxd4 14.
Bxh7+ Kh8 15. exd4 Nxc3 16. bxc3 Nf6 17. Bd3 Qc7 18. c4 Bxa3 19. h5 Bb4+ 20. Kf1 Ng8 21. h6 gxh6 22. Bxh6 Nxh6 23. Rxh6+ Kg8 24. Qe2 f5 25.
Rg6+ Kh8 26. Qh5+ 1-0

[Event "*** Titled Tuesday Blitz"]
[Site "Chess.com"]
[Date "2020.11.03"]
[Round "4"]
[White "redbaron8888"]
[Black "Supernotar"]
[Result "0-1"]
[WhiteElo "2538"]
[BlackElo "2853"]
[TimeControl "180+1"]
[EndTime "10:40:18 PST"]
[Termination "Supernotar won by resignation"]

1. d4 d5 2. Nf3 Nf6 3. c4 dxc4 4.
e3 e6 5. Bxc4 a6 6. O-O b5 7.
Bb3 Bb7 8. Nc3 Nbd7 9. Qe2 c5 10. Re1 Be7 11. e4 cxd4 12. Nxd4 Nc5 13. Be3 Nxb3 14. Nxb3 O-O 15. Rad1 Qc7 16. Rc1 Qe5 17. Bd4 Qb8 18.
e5 Nd5 19. Nxd5 Bxd5 20. Nc5 Rd8 21. Qg4 Bxa2 22. b3 a5 23. Rc3 a4 24. Rg3 g6 25. Nxe6 Rd5 26. bxa4 Rxa4 27. Rh3 Qc8 28. Qe4 Qxe6 0-1

[Event "*** Titled Tuesday Blitz"]
[Site "Chess.com"]
[Date "2020.11.03"]
[Round "4"]
[White "ChessWarrior7197"]
[Black "Harsha_Bharathakoti"]
[Result "1-0"]
[WhiteElo "3004"]
[BlackElo "2807"]
[TimeControl "180+1"]
[EndTime "10:40:19 PST"]
[Termination "ChessWarrior7197 won by resignation"]

1. e4 c5 2. Nf3 d6 3. d4 cxd4 4. Nxd4 Nf6 5. Nc3 a6 6. Be3 e5 7.
Nb3 Be6 8. Qd2 Nbd7 9. O-O-O Be7 10. f3 h5 11. g3 Rc8 12. Kb1 b5 13. Nd5 Bxd5 14.
exd5 Nb6 15. Bxb6 Qxb6 16. Bh3 Rc7 17. Rhe1 O-O 18. f4 Rd8 19. Bg2 b4 20. fxe5 dxe5 21. Rxe5 Ng4 22. Re2 Bf6 23. Rde1 g6 24. h3 Ne5 25. Rxe5 Bxe5 26. Rxe5 a5 27. Nd4 Qf6 28.
Qf4 Qd6 29. Nb5 1-0

[Event "*** Titled Tuesday Blitz"]
[Site "Chess.com"]
[Date "2020.11.03"]
[Round "4"]
[White "Kotofeyca"]
[Black "Vanina1989"]
[Result "0-1"]
[WhiteElo "2375"]
[BlackElo "2607"]
[TimeControl "180+1"]
[EndTime "10:40:21 PST"]
[Termination "Vanina1989 won by checkmate"]

1. d4 Nf6 2. c4 e6 3. Nf3 d5 4. Nc3 c6 5. cxd5 exd5 6. Qc2 Bd6 7. Bg5 h6 8. Bxf6 Qxf6 9. Nxd5 Qe6 10. Nc3 O-O 11.
e3 c5 12. Be2 Nc6 13. d5 Nb4 14. Qd2 Qg6 15. a3 Nc2+ 16. Kf1 Nxa1 17. Bd3 Qf6 18. Qd1 Bg4 19. Ke2 Rac8 20. Qxa1 c4 21. Bc2 Be5 22.
h3 Bxf3+ 23. gxf3 Bxc3 24. bxc3 Rfd8 25. Be4 Qe5 26. Qb2 f5 27. Bb1 Qxd5 28. Rg1 Rc6 29.
Qxb7 Qd2+ 30. Kf1 Qd1+ 31. Kg2 Rg6+ 32. Kh2 Qxg1# 0-1

[Event "*** Titled Tuesday Blitz"]
[Site "Chess.com"]
[Date "2020.11.03"]
[Round "4"]
[White "Markov_Mikhail"]
[Black "SGchess01"]
[Result "0-1"]
[WhiteElo "2639"]
[BlackElo "2842"]
[TimeControl "180+1"]
[EndTime "10:40:22 PST"]
[Termination "SGchess01 won by resignation"]

1. c4 Nf6 2. Nf3 e6 3. g3 d5 4. Bg2 Be7 5. O-O O-O 6. d4 dxc4 7. Nbd2 b5 8. a4 c6 9. Qc2 Bb7 10. b3 cxb3 11. Nxb3 Nbd7 12. Rd1 a5 13. e4 bxa4 14.
Nc5 Nxc5 15. dxc5 Qc8 16. Bf4 Ba6 17. Bd6 Re8 18. e5 Nd5 19. Rxa4 Bb5 20. Rg4 f5 21.
exf6 Bxf6 22. Ng5 Bxg5 23. Rxg5 Ra7 24. Be4 h6 25. Re5 a4 26. Re1 a3 27. Bf5 a2 28.
Rxe6 a1=Q 0-1

[Event "*** Titled Tuesday Blitz"]
[Site "Chess.com"]
[Date "2020.11.03"]
[Round "4"]
[White "BJthechessgod"]
[Black "infinitegiantkiller"]
[Result "0-1"]
[WhiteElo "2296"]
[BlackElo "2458"]
[TimeControl "180+1"]
[EndTime "10:40:24 PST"]
[Termination "infinitegiantkiller won by checkmate"]

1. e4 e6 2. d4 d5 3. Nc3 Nf6 4. e5 Nfd7 5. f4 c5 6. Nf3 Nc6 7. Be3 a6 8. Qd2 b5 9. a3 Qb6 10. Nd1 cxd4 11. Nxd4 Bc5 12. c3 Qc7 13. Be2 O-O 14.
O-O Nxd4 15. Bxd4 f6 16. exf6 Nxf6 17. Nf2 Bd7 18. Rae1 Rae8 19. Qe3 Bd6 20. Nd3 Ne4 21. g3 a5 22. Bf3 Bc6 23. Bxe4 dxe4 24. Nc5 Bd5 25. Nxe4 e5 26. fxe5 Bxe5 27. Bc5 Rxf1+ 28. Kxf1 Bxe4 29. Bb6 Qc4+ 30. Kg1 Bf6 31. Qf4 Qc6 32. Bxa5 Bd3 33. Rxe8+ Qxe8 34. Qd6 Qe1+ 35. Kg2 Qf1# 0-1

[Event "*** Titled Tuesday Blitz"]
[Site "Chess.com"]
[Date "2020.11.03"]
[Round "4"]
[White "karwowskikacper"]
[Black "glebus008"]
[Result "1-0"]
[WhiteElo "2463"]
[BlackElo "2303"]
[TimeControl "180+1"]
[EndTime "10:40:25 PST"]
[Termination "karwowskikacper won by resignation"]

1. e4 c5 2. Nf3 e6 3. d4 cxd4 4. Nxd4 Nf6 5. Nc3 d6 6. Be2 Be7 7. O-O O-O 8. Kh1 Nc6 9. Be3 Bd7 10. Qd2 Nxd4 11. Bxd4 Bc6 12. f3 Qb8 13. Rfd1 b5 14. Bxf6 gxf6 15. Qh6 Kh8 16. Bd3 Rg8 17. Nd5 Rg6 18. Qh3 exd5 19. exd5 Bb7 20. Bxg6 fxg6 21. Qd7 Bf8 22. Qxb5 Bg7 23. Re1 f5 24. Re7 1-0

[Event "*** Titled Tuesday Blitz"]
[Site "Chess.com"]
[Date "2020.11.03"]
[Round "4"]
[White "pedroholly22"]
[Black "MissingLife"]
[Result "0-1"]
[WhiteElo "2366"]
[BlackElo "2158"]
[TimeControl "180+1"]
[EndTime "10:40:26 PST"]
[Termination "MissingLife won by checkmate"]

1. d4 Nf6 2. Nf3 e6 3. Bf4 c5 4. e3 b6 5. c3 Bb7 6. Nbd2 cxd4 7. exd4 Be7 8. Bd3 d6 9. O-O O-O 10. Re1 Re8 11. Nc4 a6 12. Bg3 b5 13. Ne3 Ne4 14. Qc2 Nf6 15. Ng5 h6 16. Ne4 Nd5 17. Nxd5 Bxd5 18. c4 bxc4 19. Bxc4 Bb7 20. Bd3 Nc6 21. Qa4 Qb6 22. Nxd6 Bxd6 23. Bxd6 Nxd4 24. b4 Qxd6 25. Rad1 Red8 26. Bf1 Bc6 27. Qa5 Qf4 28. Qb6 Bb5 29.
Bxb5 axb5 30. f3 Rd6 31. Qc5 Rad8 32. Kh1 Nxf3 33. Rxd6 Qxh2# 0-1

[Event "*** Titled Tuesday Blitz"]
[Site "Chess.com"]
[Date "2020.11.03"]
[Round "4"]
[White "MYMChessAcademy"]
[Black "monalize"]
[Result "0-1"]
[WhiteElo "2064"]
[BlackElo "2267"]
[TimeControl "180+1"]
[EndTime "10:40:28 PST"]
[Termination "monalize won by checkmate"]

1. e4 c5 2. Nf3 d6 3. d4 cxd4 4. Nxd4 Nf6 5. Nc3 a6 6. Be3 Ng4 7. Bd2 Qb6 8. h3 Nxf2 9. Kxf2 Qxd4+ 10. Be3 Qxd1 11. Rxd1 e6 12. b4 Nd7 13. b5 a5 14.
b6 Ne5 15. Nb5 Kd7 16. Nc7 Rb8 17. Bb5+ Ke7 18. c4 Kf6 19. Ne8+ Kg6 20. Nxd6 Bd7 21. Bxd7 Nxd7 22. h4 Ne5 23. Bf4 Bxd6 24. Rxd6 Nxc4 25.
Rd7 e5 26. Bc1 Nxb6 27. Rd6+ f6 28. Rxb6 Rhc8 29. h5+ Kf7 30. g4 h6 31. Ba3 Rc2+ 32. Kg1 Rxa2 33. Bd6 Rd8 34. Rxb7+ Ke6 35. Bc5 Rd1# 0-1

[Event "*** Titled Tuesday Blitz"]
[Site "Chess.com"]
[Date "2020.11.03"]
[Round "4"]
[White "jacky72"]
[Black "Rud_Makarian"]
[Result "0-1"]
[WhiteElo "2522"]
[BlackElo "2773"]
[TimeControl "180+1"]
[EndTime "10:40:30 PST"]
[Termination "Rud_Makarian won by checkmate"]

1. d4 Nf6 2. c4 g6 3. Nc3 Bg7 4.
e4 d6 5. Be2 O-O 6. Bg5 h6 7. Be3 c5 8. d5 e6 9. Nf3 Ng4 10. Bf4 e5 11. Bd2 f5 12. h3 Nf6 13.
Bd3 f4 14. Qe2 Na6 15. g4 fxg3 16. fxg3 Nh5 17. Qg2 Nb4 18. Ke2 b5 19. cxb5 a6 20. a3 Nxd3 21. Kxd3 axb5 22. b4 Qf6 23. Ke2 cxb4 24.
Nxb5 bxa3 25. Kf2 a2 26. Rhc1 Bxh3 27. Qh1 Bg4 28. Rc3 Rf7 29. Qh4 Qxh4 30. gxh4 Raf8 31. Nxd6 Rxf3+ 32. Rxf3 Rxf3+ 33. Ke1 Bf6 34. Bb4 Bxh4+ 35. Kd2 Rf2+ 36. Kc3 Nf6 37. Kb3 h5 38. Nc4 Nxe4 39.
Nxe5 Bf5 40. d6 Bf6 41. d7 Bxd7 42. Nxd7 Bxa1 43. Bc3 Bxc3 44. Nf6+ Bxf6 45. Kc4 a1=Q 46. Kd3 Qd4# 0-1

[Event "*** Titled Tuesday Blitz"]
[Site "Chess.com"]
[Date "2020.11.03"]
[Round "4"]
[White "Dr-Bassem"]
[Black "Duhless"]
[Result "0-1"]
[WhiteElo "2797"]
[BlackElo "3001"]
[TimeControl "180+1"]
[EndTime "10:40:32 PST"]
[Termination "Duhless won by checkmate"]

1. e4 c5 2. Nf3 Nc6 3. g3 Nf6 4. d3 d5 5. Nbd2 g6 6. Bg2 Bg7 7. O-O O-O 8. Re1 Qc7 9. c3 e5 10. a3 Rd8 11. b4 dxe4 12. dxe4 b6 13. Qe2 h6 14. Rb1 Be6 15. bxc5 Na5 16. cxb6 axb6 17. Bf1 Bf8 18. Qb5 Bc5 19. h3 Qc8 20. Nxe5 Bxh3 21.
Nb3 Bxf1 22. Rxf1 Nxb3 23. Qxb3 Qc7 24. Nxg6 Qxg3+ 25. Kh1 Qf3+ 26. Kg1 Ng4 27. Rb2 Qg3+ 28. Kh1 Qh2# 0-1

[Event "*** Titled Tuesday Blitz"]
[Site "Chess.com"]
[Date "2020.11.03"]
[Round "4"]
[White "Mikasinski"]
[Black "kidagent"]
[Result "1-0"]
[WhiteElo "2460"]
[BlackElo "2287"]
[TimeControl "180+1"]
[EndTime "10:40:33 PST"]
[Termination "Mikasinski won by resignation"]

1. e4 c5 2. Nf3 d6 3. d4 cxd4 4.
Nxd4 Nf6 5. Nc3 a6 6. Be2 e5 7. Nf3 Be7 8. Bg5 Nbd7 9. Nd2 b5 10.
a4 b4 11. Na2 a5 12. c3 Rb8 13. cxb4 axb4 14. Nc4 Nxe4 15. Bxe7 Qxe7 16. Bf3 Ndc5 17. Rc1 O-O 18. Nxd6 Nxd6 19. Rxc5 Ba6 20. Rc6 e4 21. Qxd6 Qxd6 22. Rxd6 Bc4 23. Bxe4 Bxa2 24. O-O Rfd8 25. Rxd8+ Rxd8 26. a5 g6 27. a6 Bd5 28. Rd1 Ra8 29. Bxd5 Rxa6 30. h3 Rb6 1-0

[Event "*** Titled Tuesday Blitz"]
[Site "Chess.com"]
[Date "2020.11.03"]
[Round "4"]
[White "GMKrikor"]
[Black "hansen"]
[Result "0-1"]
[WhiteElo "2767"]
[BlackElo "2949"]
[TimeControl "180+1"]
[EndTime "10:40:35 PST"]
[Termination "hansen won by resignation"]

1. e4 c5 2. Nf3 e6 3. d4 cxd4 4.
Nxd4 a6 5. Bd3 Qc7 6. O-O Nf6 7.
Qe2 d6 8. c4 Nbd7 9. Nc3 Be7 10.
Bd2 b6 11. Kh1 h5 12. f4 h4 13. Rae1 Bb7 14. f5 Nc5 15. Bb1 h3 16. b4 e5 17.
bxc5 exd4 18. Nd5 Bxd5 19. cxd6 hxg2+ 20. Qxg2 Bxd6 21. exd5+ Kd7 22. h3 Qxc4 23. Rf3 Rae8 24. Qxg7 Rxe1+ 25. Bxe1 Rxh3+ 26. Kg1 Rxf3 27. Qxf7+ Kc8 28.
Qe6+ 0-1

[Event "*** Titled Tuesday Blitz"]
[Site "Chess.com"]
[Date "2020.11.03"]
[Round "4"]
[White "HrvojeZagreb"]
[Black "MichailovM"]
[Result "0-1"]
[WhiteElo "2225"]
[BlackElo "2443"]
[TimeControl "180+1"]
[EndTime "10:40:35 PST"]
[Termination "MichailovM won by checkmate"]

1. d4 Nf6 2. Bf4 c5 3. e3 g6 4. Nc3 Bg7 5. h4 h5 6. Nf3 O-O 7. d5 d6 8. Qd2 Bg4 9. Ng5 a6 10. f3 Bc8 11. O-O-O b5 12. e4 Nbd7 13. g4 hxg4 14. h5 Nxh5 15. fxg4 Nxf4 16. Qxf4 Ne5 17. Qh2 Re8 18. Be2 b4 19. Na4 Bd7 20. b3 e6 21.
Qh7+ Kf8 22. Nxf7 Nxf7 23. Rdf1 Qg5+ 24. Kb1 exd5 25. Nb6 Ra7 26. Nxd7+ Rxd7 27. Bd3 Qe5 28. exd5 Qb2# 0-1

[Event "*** Titled Tuesday Blitz"]
[Site "Chess.com"]
[Date "2020.11.03"]
[Round "4"]
[White "RamyresCoelho"]
[Black "dopolian"]
[Result "1-0"]
[WhiteElo "2063"]
[BlackElo "2363"]
[TimeControl "180+1"]
[EndTime "10:40:36 PST"]
[Termination "RamyresCoelho won by resignation"]

1. e4 e5 2. Nf3 Nc6 3. d4 exd4 4.
Bc4 Nf6 5. e5 d5 6. Bb5 Ne4 7.
Nxd4 Bd7 8. Bxc6 bxc6 9. O-O Bc5 10. f3 Ng5 11. f4 Ne4 12. Nc3 Nxc3 13. bxc3 Bb6 14. f5 c5 15. Nb3 c4+ 16. Nd4 O-O 17.
f6 g6 18. Qd2 Kh8 19. Qh6 Rg8 20. Rf4 g5 21. Rf3 Qf8 22. Bxg5 Qxh6 23. Bxh6 Rg6 24. Bg7+ Kg8 25. Re1 Re8 26. Kh1 c5 27. Nf5 Be6 28. Ne7+ Rxe7 29. fxe7 Bd7 30. Bf6 d4 31. Rg3 Ba5 32.
Rxg6+ fxg6 33. Rb1 dxc3 1-0

[Event "*** Titled Tuesday Blitz"]
[Site "Chess.com"]
[Date "2020.11.03"]
[Round "4"]
[White "Superfelix"]
[Black "QuintilianoR"]
[Result "1-0"]
[WhiteElo "2451"]
[BlackElo "2617"]
[TimeControl "180+1"]
[EndTime "10:40:38 PST"]
[Termination "Superfelix won by resignation"]

1. e4 c5 2. Nf3 d6 3. d4 cxd4 4. Nxd4 Nf6 5. f3 e5 6. Bb5+ Nbd7 7. Nf5 d5 8. exd5 a6 9. Bxd7+ Qxd7 10. Ne3 b5 11.
Nc3 Bb7 12. O-O Rc8 13. Re1 Bb4 14. Qd3 O-O 15. Bd2 Rfd8 16. Rad1 Bc5 17. Kh1 Bd4 18.
a3 g6 19. Ne4 Nxe4 20. fxe4 Bxb2 21. Ba5 Re8 22. Rf1 Bd4 23. Rf6 Bc5 24. Rdf1 Rf8 25.
Bc3 Rce8 26. h3 h5 27. Nf5 Kh7 28. Qd2 1-0